 Dungeon Sprint DCSS version 0.24-a0-246-gb963c9a (webtiles) character file.

Game seed: 10901769832079674442

306 MikeHunt the Covert (level 6, -13/28 HPs)
             Began as a Felid Warper on Apr 12, 2019.
             Was an Initiate of Nemelex Xobeh.
             Killed by a card of wild magic (29 damage)
             ... in the Dungeon (Sprint III: "The Ten Rune Challenge").
             The game lasted 00:04:23 (320 turns).

MikeHunt the Covert (Felid Warper)                   Turns: 320, Time: 00:04:24

Health: -13/28     AC:  2    Str:  7    XL:     6   Next: 16%
Magic:  3/10       EV: 23    Int: 15    God:    Nemelex Xobeh [......]
Gold:   37         SH:  0    Dex: 17    Spells: 0/9 levels left
                                        Lives:  0   Deaths: 1

rFire    . . .     SeeInvis +     - Unarmed
rCold    . . .     Gourm    .   (shield unavailable)
rNeg     . . .     Faith    .   (armour unavailable)
rPois    .         Spirit   .   (helmet unavailable)
rElec    .         Reflect  .   (cloak unavailable)
rCorr    .         Harm     .   (gloves unavailable)
MR       .....     NoTele   +   (boots unavailable)
Stlth    ++++++....             (no amulet)
HPRegen  0.09/turn              (no ring)
MPRegen  0.12/turn              (no ring)

@: quick
A: very small, no armour, no weapons or thrown items, stealth, claws 1, fangs 3,
repulsion field 1, see invisible, carnivore, speed 1, shaggy fur 2, slow
metabolism 1, MP-powered wands, sharp paws
a: Draw Escape, Draw Destruction, Draw Summoning, Renounce Religion


You were in the Dungeon.
You worshipped Nemelex Xobeh.
Nemelex Xobeh was noncommittal.
You were not hungry.

You visited 1 branch You collected 37 gold pieces.

Inventory:

Scrolls
 a - 2 scrolls of enchant armour {unknown}
 b - 2 scrolls of blinking
 i - a scroll of holy word {unknown}
 j - a scroll of fog {unknown}
 k - 2 scrolls of remove curse
 m - a scroll of immolation {unknown}
 n - a scroll of magic mapping {unknown}
Potions
 d - 2 potions of curing
 e - 2 potions of heal wounds
 f - a potion of haste
 g - 2 potions of magic
 h - a potion of mutation
 l - 3 potions of flight
Comestibles
 c - 4 rations


   Skills:
 - Level 3.8 Fighting
 - Level 5.5 Dodging
 - Level 14.4 Stealth
 - Level 6.4 Unarmed Combat
 - Level 2.0 Spellcasting
 - Level 8.5 Translocations
 + Level 2.7 Invocations


You couldn't memorise any spells.
You knew the following spells:

 Your Spells              Type           Power        Failure   Level  Hunger
a - Passage of Golubria   Tloc           N/A          7%          4    #####..
g - Gell's Gravitas       Tloc           ####......   1%          3    ###....
q - Blink                 Tloc           N/A          1%          2    ###....

Your spell library contained the following spells:

 Spells                   Type           Power        Failure   Level  Hunger
 Lesser Beckoning         Tloc           ####......   1%          3    ###....
 Teleport Other           Tloc           ####....     1%          3    ###....
 Shroud of Golubria       Chrm/Tloc      ##........   6%          2    ###....
 Magic Dart               Conj           #...         22%         1    #......
 Call Imp                 Summ           #.......     32%         2    ###....
 Slow                     Hex            #.......     32%         2    ###....
 Conjure Flame            Conj/Fire      #.......     54%         3    ###....
 Mephitic Cloud           Conj/Pois/Air  #.......     54%         3    ###....


Dungeon Overview and Level Annotations

Branches:
Dungeon (1/1)

Altars:
Cheibriados
Dithmenos
Fedhas
Gozag
Hepliaklqana
Kikubaaqudgha
Makhleb
Nemelex Xobeh
Okawaru
Qazlal
Ru
Sif Muna
Trog
Uskayaw
Vehumet
Wu Jian
Xom
Yredelemnul
Beogh
Jiyva
Lugonu


Innate Abilities, Weirdness & Mutations

You cannot wear armour.
You are incapable of wielding weapons or throwing items.
Your paws allow you to move quietly. (Stealth)
You have sharp claws.
You have razor-sharp teeth.
You have supernaturally acute eyesight. (SInv)
You are carnivorous and can eat meat at any time.
You cover ground quickly.
You are covered in thick fur. (AC +2)
You have a slow metabolism.
Your sharp claws are effective at attacking unaware monsters.
You are surrounded by a mild repulsion field. (EV +2)
You expend magic power (3 MP) to strengthen your wands.


Message History

The fire bat barely misses you. The fire bat misses you.
You scratch the fire bat.
The fire bat is moderately wounded.
The fire bat bites you but does no damage.
The fire bat completely misses you.
You closely miss the fire bat. Your bite misses the fire bat.
The fire bat is moderately wounded.
The fire bat bites you.
You are engulfed in flames.
The fire bat completely misses you. The fire bat barely misses you.
The fire bat misses you. The eye of draining gazes at you.
You feel your power leaking away.
You draw a card...
You have drawn Wild Magic.
There is a sudden and violent explosion of flames!
The fireball engulfs the fire bat.
The fire bat completely resists.
The fireball engulfs you!!
Ouch! That really hurt!
You die...
Your body disappears without a glow.

▓▓▓▓▓▓▓▓▓ ▓▓▓ ▓<..#!..####
##.# #####
▓...#......#####..# #_p_#
▓..##.......#..#..# #__.#
▓##.##.##..[#..#..###+#'###
##.##.###@.##'#..#........
▓#.####.##b.###)..'.⌠......
▓.###÷.##.G####...#...#####
▓#.....##..###....#.⌠.#_v#.
###..##...##b....#...#__#.
##..##....#÷K....#'###__#.
#..###..##.#.....#.))#__#.
#..# #.. ####....#___#__+.
▓▓▓▓ ▓▓▓ ▓▓▓▓▓▓▓▓▓▓▓▓▓▓


You could see an eye of draining shaped shifter and a fire bat.

Vanquished Creatures
  A shadow (D)
  A necrophage (D)
  A water elemental (D)
  A jelly (D)
  Jessica (D)
  A wizard (D)
  A necromancer (D)
  A kobold demonologist (D)
  A human (D)
  A wolf (D)
  An ooze (D)
  2 rats (D)
13 creatures vanquished.

Vanquished Creatures (others)
  2 draconian scorchers (D)
  6 hellions (D)
  A yaktaur (D)
  3 plants (D)
12 creatures vanquished.

Grand Total: 25 creatures vanquished

Notes
Turn   | Place    | Note
-------+----------+-------------------------------------------
     0 | D        | MikeHunt the Felid Warper began the quest for the Orb.
     0 | D        | Reached XP level 1. HP: 9/9 MP: 4/4
     9 | D        | Reached skill level 2 in Stealth
    15 | D        | Reached skill level 4 in Stealth
    76 | D        | Noticed Jessica
    80 | D        | Killed Jessica
    80 | D        | Reached skill level 8 in Stealth
    80 | D        | Reached XP level 2. HP: 11/13 MP: 6/6
    80 | D        | Reached XP level 3. HP: 14/16 MP: 7/7
    91 | D        | Learned a level 3 spell: Gell's Gravitas
    95 | D        | Learned a level 2 spell: Blink
    97 | D        | Killed a hellion
   101 | D        | Reached skill level 5 in Translocations
   101 | D        | Killed a hellion
   123 | D        | Killed a hellion
   128 | D        | Killed a hellion
   129 | D        | Gained mutation: You expend magic power (3 MP) to
                  | strengthen your wands. [potion of mutation]
   129 | D        | Gained mutation: You are surrounded by a mild repulsion
                  | field. (EV +2) [potion of mutation]
   129 | D        | Killed a hellion
   177 | D        | Killed a yaktaur
   197 | D        | Noticed a water elemental
   200 | D        | Killed a water elemental
   200 | D        | Reached skill level 5 in Unarmed Combat
   200 | D        | Reached XP level 4. HP: 19/19 MP: 8/8
   205 | D        | Killed a white draconian scorcher
   210 | D        | Noticed a shadow
   212 | D        | Killed a shadow
   212 | D        | Reached skill level 13 in Stealth
   212 | D        | Reached XP level 5. HP: 22/22 MP: 9/9
   212 | D        | Gained mutation: You are covered in thick fur. (AC +2)
                  | [Felid growth]
   212 | D        | Reached XP level 6. HP: 26/26 MP: 10/10
   216 | D        | Reached skill level 14 in Stealth
   218 | D        | Found a blossoming altar of Fedhas.
   218 | D        | Found a stormy altar of Qazlal.
   218 | D        | Found a snail-covered altar of Cheibriados.
   218 | D        | Found a burning altar of Makhleb.
   218 | D        | Found a shimmering altar of Xom.
   219 | D        | Found a hazy altar of Hepliaklqana.
   219 | D        | Found an opulent altar of Gozag.
   219 | D        | Found a sparkling altar of Nemelex Xobeh.
   219 | D        | Found a corrupted altar of Lugonu.
   219 | D        | Found a viscous altar of Jiyva.
   219 | D        | Noticed a spatial vortex
   223 | D        | Mangled by a spatial vortex
   224 | D        | Reached XP level 5. HP: -12/22 MP: 9/9
   232 | D        | Became a worshipper of Nemelex Xobeh the Trickster
   247 | D        | Found a basalt altar of Yredelemnul.
   247 | D        | Found a shadowy altar of Dithmenos.
   247 | D        | Found a sacrificial altar of Ru.
   247 | D        | Received a gift from Nemelex Xobeh
   247 | D        | Noticed a necrophage
   250 | D        | Killed a necrophage
   250 | D        | Reached skill level 5 in Dodging
   264 | D        | Found a radiant altar of Vehumet.
   264 | D        | Killed a hellion
   265 | D        | Found a deep blue altar of Sif Muna.
   265 | D        | Found an ancient bone altar of Kikubaaqudgha.
   266 | D        | Reached skill level 1 in Invocations
   266 | D        | Reached XP level 6. HP: 28/28 MP: 10/10
   266 | D        | Killed a white draconian scorcher
   285 | D        | Learned a level 4 spell: Passage of Golubria
   285 | D        | Found a hide-covered altar of Uskayaw.
   285 | D        | Found an iron altar of Okawaru.
   286 | D        | Found a roughly hewn altar of Beogh.
   286 | D        | Found a bloodstained altar of Trog.
   286 | D        | Found an ornate altar of the Wu Jian Council.
   286 | D        | Noticed a human
   286 | D        | Noticed a human
   301 | D        | Noticed a shapeshifter
   301 | D        | a human changed into a shapeshifter
   301 | D        | Noticed a fire bat
   301 | D        | a human changed into a fire bat
   302 | D        | a shapeshifter changed into a bullfrog
   320 | D        | Killed by a card of wild magic

Levels and vault maps discovered:
D:        dungeon_sprint_mu [sprint_mu_entry_cave, sprint_mu_temple_rooms,
          sprint_mu_d1_horrors, sprint_mu_d2_genie, sprint_mu_d3_branching,
          sprint_mu_orc_legion, sprint_mu_elf_gauntlet, sprint_mu_hive_nellie,
          sprint_mu_lair_fedhas, sprint_mu_vaults_butterflies,
          sprint_mu_slime_circle, sprint_mu_swamp_cave, sprint_mu_snake_twists,
          sprint_mu_blade_basic, sprint_mu_crypt_chambers,
          sprint_mu_tomb_spiral, sprint_mu_vestibule_basic,
          sprint_mu_gehenna_hellfire, sprint_mu_dis_giant,
          sprint_mu_tartarus_statrot, sprint_mu_cocytus_islands, sprint_mu_zot1]

Skill      XL: |  1  2  3  4  5  6 |
---------------+-------------------+-----
Stealth        | 8 13 14 | 14.4
Translocations | 8 |  8.5
Unarmed Combat | 5 6 |  6.4
Fighting       | 3 |  3.8
Dodging        | 5 |  5.5
Invocations    | 1 2 |  2.7
Spellcasting   | |  2.0

Action                   |  1- 3 |  4- 6 || total
-------------------------+-------+-------++-------
Melee: Unarmed           |    20 |    13 ||    33
       Bite              |     1 |     1 ||     2
 Cast: Gell's Gravitas   |     2 |     3 ||     5
 Abil: Draw Destruction  |       |     2 ||     2
  Use: Potion            |     2 |       ||     2
 Stab: Sleeping          |     4 |     6 ||    10
  Eat: Chunk             |     5 |       ||     5
Armor: Skin              |       |     3 ||     3
Dodge: Dodged            |    11 |    17 ||    28

Table legend:
 A = Non-vault XP
 B = Vault XP
 C = Vault XP percentage of total XP
 D = Non-vault monster count
 E = Vault monster count
 F = Vault count percentage of total count
                 A         B        C        D         E       F
            +---------+---------+-------+---------+---------+-------
      Total |       0 |     649 | 100.0 |       0 |      13 | 100.0
            +---------+---------+-------+---------+---------+-------
          D |       0 |     649 | 100.0 |       0 |      13 | 100.0
            +---------+---------+-------+---------+---------+-------
